 Dungeon Sprint DCSS version 0.18-a0-1293-g5a2c81a (webtiles) character file.

25 Kidiri the Sneak (level 2, -1/14 HPs)
             Began as a Spriggan Enchanter on Feb 10, 2016.
             Slain by a phantom (9 damage)
             ... in the Dungeon (Sprint III: "The Ten Rune Challenge").
             The game lasted 00:01:51 (372 turns).

Kidiri the Sneak (Spriggan Enchanter)                Turns: 372, Time: 00:01:51

Health: -1/14      AC:  3    Str:  4    XL:     2   Next: 82%
Magic:  5/7        EV: 19    Int: 16    God:
Gold:   14         SH:  0    Dex: 16    Spells: 2 memorised, 5 levels left

rFire  . . .     SeeInvis +     a - +1 dagger
rCold  . . .     Gourm    .     b - +1 robe
rNeg   . . .     Faith    .     (shield restricted)
rPois  .         Spirit   .     (helmet restricted)
rElec  .         Dismiss  .     (no cloak)
rCorr  .         Reflect  .     (gloves unavailable)
SustAt .         Harm     .     (boots unavailable)
MR     .....     NoTele   +     (no amulet)
Stlth  ++........               (no ring)
                                (no ring)

@: very quick, not resistant to hostile enchantments, unstealthy
A: unfitting armour, see invisible, herbivore 3, speed 3, slow metabolism 2
a: no special abilities


You were in the Dungeon.
You were not hungry.

You visited 1 branch You collected 14 gold pieces.

Inventory:

Hand Weapons
 a - a +1 dagger (weapon)
Armour
 b - a +1 robe (worn)
Scrolls
 j - a scroll of blinking
Potions
 e - a potion of curing
 g - a potion of haste
 h - 2 potions of magic
 i - a potion of berserk rage
Books
 c - a book of Maledictions

   Spells                             Type                      Level
   a - Corona                         Hexes                        1
   b - Ensorcelled Hibernation        Hexes/Ice                    2
   c - Confuse                        Hexes                        3
   d - Tukima's Dance                 Hexes                        3
   e - Dazzling Spray                 Conjuration/Hexes            3
Comestibles
 d - 2 bread rations


   Skills:
 + Level 1.1 Fighting
 * Level 2.6 Short Blades
 + Level 1.0 Armour
 * Level 4.4 Dodging
 * Level 5.9 Stealth
 * Level 3.9 Spellcasting
 + Level 4.1 Hexes
 + Level 0.0 Ice Magic


You had 5 spell levels left.
You knew the following spells:

 Your Spells              Type           Power        Failure   Level  Hunger
a - Corona                Hex            ###....      3%          1    None
b - Ensorcelled Hibernat  Hex/Ice        #.....       12%         2    ##.....


Dungeon Overview and Level Annotations

Branches:
Dungeon (1/1)

Altars:


Innate Abilities, Weirdness & Mutations

You are tiny and cannot use many weapons and most armour.
You have supernaturally acute eyesight.
You are a herbivore.
You cover ground extremely quickly.
You need consume almost no food.


Message History

Press: ? - help, Shift-Dir - straight line, f/p - phantom
Aim: a phantom (lightly damaged, chance to defeat MR: 36%)
The phantom resists with some effort.
The phantom blinks!
The phantom misses you.
Casting: Corona
Confirm with . or Enter, or press ? or * to list all spells.
Aiming: Corona
Press: ? - help, Shift-Dir - straight line, f/p - phantom
Aim: a phantom (lightly damaged, chance to defeat MR: 36%)
The phantom is outlined in light.
The phantom closely misses you.
You hit the phantom but do no damage.
The phantom is lightly damaged.
The phantom hits you.
The phantom blinks!
You enter the shallow water.
Moving in this stuff is going to be slow.
You enter the shallow water.
Moving in this stuff is going to be slow.
The phantom hits you!
Ouch! That really hurt!
You die...

▓▓▓▓ ▓▓▓▓▓▓▓ ▓<.#
+...♣.♣ ▓..# #....♣
▓#'####....♣♣♣
▓.....#....≈.♣ ♣.#
▓.....#...≈≈.♣ ♣..#
▓...%.#..≈≈≈≈♣♣.♣.+
▓####'#..≈≈≈@≈≈...#
▓.....#.≈≈≈≈W≈....#
▓.%...#.≈≈≈≈≈.....#
▓.....#.≈≈≈.......#
▓'#####...........#
▓.................#
▓▓▓▓▓▓▓▓▓▓▓▓▓▓▓▓▓▓▓


You could see a phantom.

Vanquished Creatures
  A human (D)
  An ooze (D)
  3 rats (D)
5 creatures vanquished.

Vanquished Creatures (others)
  2 draconian scorchers (D)
  A yaktaur (D)
3 creatures vanquished.

Grand Total: 8 creatures vanquished

Notes
Turn   | Place    | Note
--------------------------------------------------------------
     0 | D        | Kidiri the Spriggan Enchanter began the quest for the Orb.
     0 | D        | Reached XP level 1. HP: 9/9 MP: 5/5
     7 | D        | Reached skill level 5 in Stealth
    74 | D        | Reached skill level 1 in Fighting
    74 | D        | Reached skill level 1 in Armour
    74 | D        | Reached XP level 2. HP: 4/14 MP: 4/7
    81 | D        | Learned a level 2 spell: Ensorcelled Hibernation
   110 | D        | Killed a yaktaur
   235 | D        | Killed a white draconian scorcher
   262 | D        | Killed a white draconian scorcher
   372 | D        | Slain by a phantom

Vault maps used:
D:        dungeon_sprint_mu

Action                   || total
-------------------------++-------
Melee: Dagger            ||    40
 Cast: Corona            ||     7
  Use: Potion            ||     1
 Stab: Sleeping          ||     4
